 Dungeon Crawl Stone Soup version 0.30.0-5-g1a98f26d00 (webtiles) character file.

Game seed: 8208363857485769645

196022 MacCMillion the Warrior (level 17, -13/166 HPs)
             Began as a Minotaur Fighter on May 8, 2023.
             Was the Champion of Lugonu.
             Mangled by a fenstrider witch (17 damage)
             ... on level 2 of the Swamp.
             The game lasted 01:30:52 (40436 turns).

MacCMillion the Warrior (Minotaur Fighter)         Turns: 40436, Time: 01:30:53

Health: -13/166    AC: 22    Str: 35    XL:     17   Next: 73%
Magic:  19/26      EV: 10    Int:  5    God:    Lugonu [******]
Gold:   2550       SH: 12    Dex: 10    Spells: 16/16 levels left

rFire   . . .        S - +9 broad axe (flame)
rCold   . . .        D - +0 kite shield
rNeg    . . .        Z - +1 plate armour {rPois}
rPois   +            s - +2 hat
rElec   .            (no cloak)
rCorr   .            F - +0 pair of gloves
SInv    .            (no boots)
Will    ++...        Y - amulet of regeneration Stlth
                     v - +6 ring of strength
HPRegen 1.27/turn    u - ring of willpower
MPRegen 0.20/turn

%: no passive effects
@: lethally poisoned (-13 -> -15), silenced
A: horns 2, retaliatory headbutt
}: 1/15 runes: serpentine
a: Renounce Religion


You were on level 2 of the Swamp.
You worshipped Lugonu.
Lugonu was exalted by your worship.
You visited 6 branches of the dungeon, and saw 29 of its levels.
You visited the Abyss 1 time.
You also visited: Sewer, Bailey and Ice Cave.

You collected 3400 gold pieces.
You spent 850 gold pieces at shops.

Inventory:

Hand Weapons
 S - a +9 broad axe of flaming (weapon)
Missiles
 K - 5 atropa-tipped darts
 L - 8 javelins
 M - 13 curare-tipped darts
 V - 3 throwing nets
Armour
 s - a +2 hat (worn)
 D - a +0 kite shield (worn)
 F - a +0 pair of gloves (worn)
 Z - a +1 plate armour of poison resistance (worn)
Jewellery
 a - a ring of see invisible
 c - a ring of flight
 t - a ring of fire
 u - a ring of willpower (right hand)
 v - a +6 ring of strength (left hand)
 y - a +5 ring of evasion
 B - a ring of ice
 C - a ring of willpower
 X - the ring "Azxupuix" {rN+ Str+2}
   (You found it in an ice cave)

   [ring of positive energy]

   Str:       It affects your strength (+2).
   rN:        It protects you from negative energy.
 Y - an amulet of regeneration (around neck)
Wands
 j - a wand of flame (71) (quivered)
 q - a wand of paralysis (6)
 r - a wand of iceblast (8)
 w - a wand of digging (6)
 Q - a wand of quicksilver (6)
Scrolls
 b - 2 scrolls of teleportation
 e - 5 scrolls of immolation
 f - 8 scrolls of enchant armour
 m - 4 scrolls of magic mapping
 o - 3 scrolls of butterflies
 p - 6 scrolls of enchant weapon
 G - a scroll of poison {unknown}
 J - 2 scrolls of amnesia
 N - 2 scrolls of brand weapon {unknown}
 R - 2 scrolls of fog
 T - 2 scrolls of blinking
 U - 2 scrolls of torment
 W - 3 scrolls of fear
Potions
 d - 7 potions of might
 g - 7 potions of attraction
 h - 7 potions of invisibility
 i - 6 potions of ambrosia
 k - 3 potions of resistance
 l - 11 potions of curing
 n - 7 potions of haste
 z - 8 potions of heal wounds
 A - 4 potions of lignification
 E - 3 potions of flight
 H - a potion of cancellation
 I - 2 potions of berserk rage
 P - 3 potions of mutation
Miscellaneous
 x - a phial of floods
 O - a condenser vane


   Skills:
 + Level 18.3 Fighting
 - Level 18.0 Axes
 - Level 2.8 Throwing
 + Level 17.4 Armour
 - Level 6.0 Dodging
 * Level 14.4 Shields
 + Level 14.3 Invocations
 - Level 7.2 Evocations


You had 16 spell levels left.
You didn't know any spells.
Your spell library contained the following spells:

 Spells                   Type           Power      Damage    Failure   Level
 Apportation              Tloc           0%         N/A       95%         1
 Magic Dart               Conj           0%         1d3       95%         1
 Necrotise                Necr           0%         1d4       95%         1
 Sandblast                Erth           0%         2d4       95%         1
 Slow                     Hex            0%         N/A       95%         1
 Summon Small Mammal      Summ           0%         N/A       95%         1
 Call Imp                 Summ           0%         N/A       99%         2
 Passwall                 Tmut/Erth      0%         N/A       99%         2
 Poisonous Vapours        Pois/Air       0%         N/A       99%         2
 Static Discharge         Conj/Air       0%         2-2/arc   99%         2
 Confusing Touch          Hex            0%         N/A       100%        3
 Inner Flame              Hex/Fire       0%         N/A       100%        3
 Mephitic Cloud           Conj/Pois/Air  0%         N/A       100%        3
 Ozocubu's Armour         Ice            0%         N/A       100%        3
 Stone Arrow              Conj/Erth      0%         3d7       100%        3
 Tukima's Dance           Hex            0%         N/A       100%        3
 Vampiric Draining        Necr           0%         2d6       100%        3
 Airstrike                Air            0%         2d(0-16)  100%        4
 Anguish                  Hex/Necr       0%         N/A       100%        4
 Animate Armour           Summ/Erth      0%         N/A       100%        4
 Leda's Liquefaction      Hex/Erth       0%         N/A       100%        4
 Passage of Golubria      Tloc           0%         N/A       100%        4
 Summon Lightning Spire   Summ/Air       0%         N/A       100%        4
 Blade Hands              Tmut           0%         N/A       100%        5
 Freezing Cloud           Conj/Ice/Air   0%         6-21      100%        5
 Lee's Rapid Deconstruct  Erth           0%         3d4*      100%        5
 Metabolic Englaciation   Hex/Ice        0%         N/A       100%        5
 Yara's Violent Unravell  Hex/Tmut       0%         3d3       100%        5
 Iron Shot                Conj/Erth      0%         9d1       100%        6
 Simulacrum               Ice/Necr       0%         N/A       100%        6
 Statue Form              Tmut/Erth      0%         N/A       100%        6
 Enfeeble                 Hex            0%         N/A       100%        7
 Ozocubu's Refrigeration  Ice            0%         4d7       100%        7


Dungeon Overview and Level Annotations

Branches:
Dungeon (15/15)            Temple (1/1) D:4            Lair (5/5) D:9
  Swamp (2/4) Lair:2        Snake (4/4) Lair:3        Slime (0/5) Lair:4
    Orc (2/2) D:11            Elf (0/3) Orc:2        Vaults (0/5) D:14
 Depths (0/4) D:15          Sewer (visited)          Bailey (visited)
  IceCv (visited)

Altars:
Ashenzari
Cheibriados
Dithmenos
Elyvilon
Hepliaklqana
Makhleb
Nemelex Xobeh
Okawaru
Qazlal
Ru
Sif Muna
Trog
Uskayaw
Wu Jian
Xom
Yredelemnul
Zin
The Shining One

Shops:
D:5 (!?[   D:7 =   Orc:2 :([*   Snake:2 :=:

Annotations:
D:2 1 runed translucent door, Crazy Yiuf
Swamp:2 corrupted
Orc:1 2 transporters, Kaxaet's ghost, journeyman MfVM
Abyss:1 Maggie


Innate Abilities, Weirdness & Mutations

You have a pair of horns on your head.
You reflexively headbutt those who attack you in melee.


Message History

You block the fenstrider witch's attack. x2
The flying skull completely misses the spriggan.
You block the starcursed mass's attack.
The eleionoma hits you but does no damage.
The ynoxinul gestures.
The neqoxec hits the eleionoma!
The storm dragon simulacrum bites the eleionoma!
The storm dragon simulacrum freezes the eleionoma!!!
The storm dragon simulacrum claws the eleionoma.
The storm dragon simulacrum freezes the eleionoma!!
The eleionoma dies!
The neqoxec completely misses the spriggan.
The small abomination misses the spriggan.
The thrashing horror tramples the spriggan!
The spriggan holds its ground!
The thrashing horror barely misses the spriggan.
There is an escape hatch in the ceiling here.
Things that are here:
a +0 spear; a spriggan corpse; a hornet corpse Unknown command.
You feel very sick.
The thrashing horror completely misses you.
You block the thrashing horror's attack.
The small abomination misses the fenstrider witch.
The flying skull barely misses the spriggan.
The fenstrider witch hits you.
* * * LOW HITPOINT WARNING * * *
You block the fenstrider witch's attack.
The starcursed mass touches the spriggan!
The spriggan dies!
The thrashing horror closely misses you.
The thrashing horror tramples you.
* * * LOW HITPOINT WARNING * * *
You hold your ground!
The kobold demonologist closely misses the fenstrider witch.
The raiju completely misses the fenstrider witch.
The silent spectre hits the fenstrider witch but does no damage.
The small abomination hits the fenstrider witch!
The fenstrider witch hits you!
You die...

.♣♣.♣....♣♣♣#
.~#.....#♣.. ♣.
..#.#...♣. ♣..
.....#..#♣...
#3.5......# ~
#.3LS#...♣ ~.§
..♣♣♣#35XX3...♣#~.~
.....#.x@x.x......~
......ZWH#z.....~~~
$#.....WhK...♣...~~
♣#♣#X.3...#.♣ .
♣........#..
....♣.#.##.♣..
.~#...~~♣. ...#
..♣♣♣..~♣♣ ...
#♣... ♣.


You could see a fenstrider witch, a neutral starcursed mass (summoned,
distracted), a neutral lich (summoned, distracted), a neutral thrashing horror
(summoned, unsilenced), a neutral large abomination (summoned, distracted), a
neutral guardian serpent (summoned, distracted), a neutral silent spectre
(summoned, silencing, distracted), a neutral kobold demonologist (summoned,
distracted), a neutral smoke demon (summoned, unsilenced, distracted), a neutral
raiju (summoned, unsilenced, distracted), 3 neutral neqoxecs, a neutral ynoxinul
(summoned, unsilenced, distracted), 3 neutral small abominations, a neutral
shadow (summoned, unsilenced, distracted), a neutral flying skull (summoned,
distracted), a neutral storm dragon simulacrum (summoned, distracted) and 2
neutral ufetubi.

Vanquished Creatures
  Rupert (Lair:5)
  Gastronok (D:8)
  2 nagarajas
  A fire giant (D:8)
  Aizul (Snake:4)
  A stone giant (Lair:2)
  A bunyip (Swamp:1)
  A black draconian (Lair:5)
  A minotaur (Lair:3)
  A dire elephant (D:15)
  A red draconian (Lair:5)
  An ettin (Orc:2)
  A fire dragon (Lair:5)
  2 salamander tyrants
  7 hydras
  2 ogre magi
  Erica (D:9)
  3 vault guards (D:14)
  5 boulder beetles
  17 anacondas
  A catoblepas (Lair:1)
  An alligator (Swamp:1)
  4 centaur warriors
  11 two-headed ogres
  10 naga warriors
  2 tengu warriors
  A spriggan berserker (Swamp:1)
  6 shock serpents
  11 naga sharpshooters
  Urug (Lair:5)
  4 orc high priests (Orc:2)
  A deep elf knight (Lair:3)
  Sonja (Lair:2)
  12 salamander mystics
  Lodul (D:11)
  A goliath frog (Swamp:1)
  A skyshark (Lair:3)
  9 swamp dragons (Swamp:1)
  2 bog bodies (Swamp:1)
  10 naga ritualists
  A wizard (D:15)
  A deep elf archer (Lair:3)
  Pikel (D:4)
  A deep elf zephyrmancer (Lair:3)
  7 lindwurms
  A deep elf pyromancer (D:13)
  A necromancer (IceCv)
  7 orc knights
  4 cyclopes
  13 mana vipers
  3 orc sorcerers
  2 manticores (D:15)
  22 salamanders
  10 ugly things
  A wolf spider (D:15)
  51 black mambas
  9 elephants
  A human skeleton (Abyss:1)
  An ice statue (IceCv)
  7 guardian serpents
  2 molten gargoyles (Lair:5)
  20 naga magi
  5 cane toads
  A gargoyle (D:12)
  3 rime drakes
  An unseen horror (D:13)
  5 freezing wraiths
  13 komodo dragons
  2 anaconda simulacra (IceCv)
  2 efreet
  13 ice devils (IceCv)
  7 trolls
  3 meliai (D:15)
  A merfolk (D:7)
  3 hornets
  A polar bear (Lair:3)
  5 tyrant leeches (Swamp:1)
  3 blink frogs (Lair:5)
  5 dream sheep (Lair:5)
  11 slime creatures
  2 shadows
  2 water elementals (D:12)
  A centaur simulacrum (D:14)
  3 spriggans
  9 wyverns
  A dire elephant simulacrum (IceCv)
  47 yaks
  Eustachio (D:4)
  8 humans (D:14)
  5 steam dragons
  8 basilisks
  2 wraiths
  11 vampire mosquitoes
  5 death yak simulacra (IceCv)
  4 wargs
  Menkaure (D:5)
  An acid dragon (D:10)
  4 swamp worms
  44 nagas
  5 hell hounds (Lair:5)
  A hydra simulacrum (IceCv)
  18 water moccasins
  3 swamp drakes (Swamp:1)
  30 orc warriors
  4 ice beasts
  2 black bears
  20 ogres
  6 centaurs
  13 wolves
  10 kobold brigands
  A lemure (D:4)
  7 bullfrogs
  2 gnoll sergeants
  A two-headed ogre simulacrum (IceCv)
  2 scorpions
  3 cane toad simulacra (IceCv)
  13 wights
  6 elephant simulacra (IceCv)
  19 killer bees
  5 howler monkeys
  2 electric eels
  A crimson imp (D:15)
  5 lava snakes (Lair:5)
  2 hounds (D:6)
  2 jellies
  6 orc priests
  7 iguanas
  3 sleepcaps
  Terence (D:2)
  8 orc wizards
  A spriggan simulacrum (IceCv)
  2 troll simulacra (IceCv)
  3 polar bear simulacra (IceCv)
  3 wolf simulacra (IceCv)
  7 gnolls
  8 adders
  A naga simulacrum (IceCv)
  3 river rats (Sewer)
  3 shadow imps
  15 white imps
  4 worms
  4 dart slugs
  67 orcs
  8 ball pythons
  8 endoplasms
  2 giant cockroaches (D:4)
  9 goblins
  5 hobgoblins
  A quokka (D:2)
  8 bats
  5 frilled lizards
  31 kobolds
  3 rats
959 creatures vanquished.

Vanquished Creatures (others)
  A fire giant (Lair:5)
  An eleionoma (Swamp:2)
  A bunyip (Swamp:2)
  An alligator (Swamp:2)
  2 spriggans (Swamp:2)
  A will-o-the-wisp (Swamp:2)
  2 hornets (Swamp:2)
  5 bloated husks
  A human (D:14)
  2 foxfires (Swamp:2)
17 creatures vanquished.

Grand Total: 976 creatures vanquished

Notes
Turn   | Place    | Note
-------+----------+-------------------------------------------
     0 | D:1      | MacCMillion the Minotaur Fighter began the quest for the
                  | Orb.
     0 | D:1      | Reached XP level 1. HP: 19/19 MP: 0/0
   240 | D:1      | Reached XP level 2. HP: 25/26 MP: 1/1
   602 | D:2      | Found an ornate altar of the Wu Jian Council.
   647 | D:2      | You fall into a shaft and drop 2 floors!
   647 | D:4      | Found a white marble altar of Elyvilon.
   721 | D:4      | Noticed Pikel
   721 | D:4      | Noticed a lemure
   721 | D:4      | Noticed a lemure
   721 | D:4      | Noticed a lemure
   733 | D:4      | Found a glowing drain.
   734 | D:4      | Noticed a lemure
   745 | Sewer    | Entered a sewer
   754 | Sewer    | Reached XP level 3. HP: 31/31 MP: 2/2
   988 | Sewer    | Reached skill level 5 in Axes
   988 | Sewer    | Reached XP level 4. HP: 39/39 MP: 3/3
  1104 | Sewer    | Noticed a kobold brigand
  1105 | Sewer    | Noticed a kobold brigand
  1112 | Sewer    | Killed a kobold brigand
  1113 | Sewer    | Reached XP level 5. HP: 45/45 MP: 4/4
  1294 | Sewer    | Reached XP level 6. HP: 29/51 MP: 5/5
  1998 | D:4      | Killed Pikel
  1999 | D:4      | Reached skill level 10 in Axes
  1999 | D:4      | Reached XP level 7. HP: 48/58 MP: 6/6
  2002 | D:4      | Reached skill level 1 in Dodging
  2167 | D:4      | Noticed Eustachio
  2212 | D:4      | Killed Eustachio
  2276 | D:4      | Found a staircase to the Ecumenical Temple.
  2296 | Temple   | Entered the Ecumenical Temple
  2379 | Temple   | Became a worshipper of Warmaster Okawaru
  2566 | D:3      | Found a faded altar of an unknown god.
  3638 | D:2      | Reached XP level 8. HP: 64/67 MP: 7/7
  3647 | D:2      | Noticed Terence
  3656 | D:2      | Killed Terence
  4092 | D:2      | Found a runed translucent door.
  4093 | D:2      | Noticed Crazy Yiuf
  4220 | D:4      | Found a sparkling altar of Nemelex Xobeh.
  4264 | D:5      | Entered Level 5 of the Dungeon
  4578 | D:5      | Reached skill level 5 in Fighting
  4578 | D:5      | Reached skill level 5 in Armour
  4630 | D:5      | Found Moabia's Armour Shop.
  4702 | D:5      | Found Kolicly's Distillery.
  4710 | D:5      | Found Lipinn's Antique Weapon Emporium.
  4966 | D:5      | Found Caraot's Magic Scroll Shop.
  5029 | D:5      | Noticed Menkaure
  5034 | D:5      | Killed Menkaure
  5034 | D:5      | Reached * piety under Okawaru
  5785 | D:6      | Reached XP level 9. HP: 59/75 MP: 8/8
  5866 | D:6      | Found a shimmering altar of Xom.
  6025 | D:5      | Bought a slimy war axe for 263 gold pieces
  6025 | D:5      | Identified the +1 war axe of the Shifting Pill Bug {freeze,
                  | Int+4 Dex+2} (You bought it in a shop on level 5 of the
                  | Dungeon)
  6469 | D:7      | Found a sacrificial altar of Ru.
  6509 | D:7      | Reached ** piety under Okawaru
  6716 | D:7      | Reached skill level 5 in Dodging
  7027 | D:7      | Found a bloodstained altar of Trog.
  7289 | D:7      | Found Niqerif's Jewellery Boutique.
  8224 | D:8      | Found a flagged portal.
  8236 | Bailey   | Entered a bailey
  8384 | Bailey   | Noticed an orc knight
  8660 | Bailey   | Killed an orc knight
  8660 | Bailey   | Reached *** piety under Okawaru
  8661 | Bailey   | Reached XP level 10. HP: 63/88 MP: 8/11
  8771 | Bailey   | Noticed an orc knight
  8914 | Bailey   | Killed an orc knight
  9263 | D:8      | Reached skill level 5 in Invocations
  9377 | D:8      | Noticed Maggie
  9543 | D:8      | Reached **** piety under Okawaru
 10161 | D:9      | Received a gift from Okawaru
 10424 | D:9      | Found a staircase to the Lair.
 10428 | D:9      | Reached skill level 1 in Throwing
 10428 | D:9      | Reached XP level 11. HP: 89/97 MP: 13/13
 10471 | D:9      | Noticed Erica
 10704 | D:9      | Killed Erica
 11294 | D:9      | Reached ***** piety under Okawaru
 11618 | D:9      | Received a gift from Okawaru
 11871 | D:10     | Entered Level 10 of the Dungeon
 12234 | D:10     | Reached skill level 10 in Fighting
 12775 | D:10     | Found a shadowy altar of Dithmenos.
 13207 | D:11     | Found a staircase to the Orcish Mines.
 13320 | D:11     | Noticed Lodul
 13940 | Lair:1   | Entered Level 1 of the Lair of Beasts
 13941 | Lair:1   | Noticed a catoblepas
 13951 | Lair:1   | Killed a catoblepas
 13952 | Lair:1   | Reached skill level 15 in Axes
 13969 | Lair:1   | Identified the +3 scale mail of the Spheres {rF+}
 14146 | Lair:1   | Reached skill level 10 in Armour
 15166 | Lair:2   | Noticed Sonja
 15179 | Abyss:1  | Cast into level 1 of the Abyss (Sonja)
 15325 | Abyss:1  | Reached XP level 12. HP: 96/106 MP: 16/16
 15354 | Abyss:1  | Noticed a green very ugly thing
 15354 | Abyss:1  | Noticed a green very ugly thing
 15355 | Abyss:1  | Noticed a green very ugly thing
 15362 | Abyss:1  | Found a corrupted altar of Lugonu.
 15366 | Abyss:1  | Fell from the grace of Okawaru
 15366 | Abyss:1  | Became a worshipper of Lugonu the Unformed
 15366 | Abyss:1  | Reached * piety under Lugonu
 15366 | Abyss:1  | Reached ** piety under Lugonu
 15367 | Lair:2   | Escaped the Abyss
 15400 | Lair:2   | Killed Sonja
 15886 | Lair:2   | Banished a centaur warrior
 15887 | Lair:2   | Noticed a stone giant
 16236 | Lair:3   | Found a staircase to the Snake Pit.
 16384 | Lair:3   | Banished a fire giant
 16385 | Lair:3   | Noticed a minotaur
 16475 | Lair:3   | Killed a minotaur
 17444 | D:5      | Bought a scroll of teleportation for 45 gold pieces
 17444 | D:5      | Bought a scroll of teleportation for 45 gold pieces
 17444 | D:5      | Bought a scroll of teleportation for 45 gold pieces
 17444 | D:5      | Bought a scroll of blinking for 112 gold pieces
 17444 | D:5      | Bought a scroll of fear for 60 gold pieces
 17565 | D:6      | Banished a stone giant
 17565 | D:6      | Banished a frost giant
 17653 | D:8      | Banished Maggie
 17656 | D:8      | Noticed Gastronok
 17740 | D:7      | Noticed a boulder beetle
 17758 | D:7      | Killed a boulder beetle
 17988 | D:7      | Identified the +6 dagger of Gyeddih {freeze, rCorr Str+3
                  | Dex+2}
 18208 | D:7      | Banished a stone giant
 18208 | D:7      | Banished a merfolk impaler
 18208 | D:7      | Banished a fire giant
 18343 | D:8      | Banished a merfolk javelineer
 18343 | D:8      | Banished a frost giant
 18344 | D:8      | Noticed a fire giant
 18349 | D:8      | Killed a fire giant
 18359 | D:8      | Killed Gastronok
 18359 | D:8      | Reached *** piety under Lugonu
 18912 | Lair:2   | Killed a stone giant
 19381 | Lair:2   | Found a staircase to the Swamp.
 19581 | Lair:3   | Banished a centaur warrior
 19581 | Lair:3   | Banished a tengu warrior
 19598 | Lair:3   | Banished a frost giant
 19598 | Lair:3   | Banished a minotaur
 19831 | Lair:4   | Reached skill level 10 in Invocations
 19906 | Lair:3   | Reached XP level 13. HP: 85/114 MP: 19/19
 20635 | Lair:4   | Found a runed translucent door.
 20663 | Lair:4   | Found a staircase to the Slime Pits.
 20982 | Lair:5   | Entered Level 5 of the Lair of Beasts
 20982 | Lair:5   | Noticed Urug
 20997 | Lair:5   | Killed Urug
 21107 | Lair:5   | Banished an orc warlord
 21108 | Lair:5   | Noticed a fire giant
 21108 | Lair:5   | Noticed a black draconian
 21364 | Lair:4   | Reached skill level 1 in Evocations
 21539 | D:11     | Killed Lodul
 21735 | D:11     | Banished a deep elf master archer
 21735 | D:11     | Banished a minotaur
 22306 | Lair:5   | Killed a black draconian
 22308 | Lair:5   | Killed a fire giant
 22489 | Lair:5   | Noticed Rupert
 22505 | Lair:5   | Killed Rupert
 22581 | Lair:5   | Reached **** piety under Lugonu
 22710 | Lair:5   | Noticed a red draconian
 22883 | Lair:4   | Banished a stone giant
 23438 | Lair:5   | Banished a white draconian
 23438 | Lair:5   | Banished a fire giant
 23438 | Lair:5   | Was forgiven by Okawaru
 23472 | Lair:5   | Killed a red draconian
 23673 | Lair:5   | Reached XP level 14. HP: 116/129 MP: 20/20
 23686 | Lair:5   | Found a large runed translucent door.
 23737 | Lair:5   | Found a large runed translucent door.
 24360 | Orc:1    | Entered Level 1 of the Orcish Mines
 24360 | Orc:1    | Found a transporter.
 24412 | Orc:1    | Found a transporter.
 24433 | Orc:1    | Noticed Kaxaet's ghost (journeyman MfVM)
 24545 | Orc:2    | Entered Level 2 of the Orcish Mines
 24549 | Orc:2    | Found a staircase to the Elven Halls.
 24561 | Orc:2    | Reached ***** piety under Lugonu
 24600 | Orc:1    | Found a frozen archway.
 24629 | IceCv    | Entered an ice cave
 24980 | IceCv    | Found an ancient bone altar of Kikubaaqudgha.
 25679 | IceCv    | Reached ****** piety under Lugonu
 25737 | IceCv    | Identified the ring "Azxupuix" {rN+ Str+2}
 26223 | Orc:2    | Found Dilewari's Book Shoppe.
 26295 | Orc:2    | Found Xerhiuro's General Store.
 26497 | Orc:2    | Noticed an orc warlord
 26514 | Orc:2    | Banished an orc warlord
 26698 | Orc:2    | Reached skill level 15 in Fighting
 26726 | Orc:2    | Found Iseriyn's Antique Armour Shoppe.
 26763 | Orc:2    | Found Rycw's Antique Weapon Shoppe.
 27721 | D:13     | Identified the +1 robe "Netem" {Contam Str+4 Int+6}
 27865 | D:13     | Reached XP level 15. HP: 111/141 MP: 23/23
 27865 | D:13     | Paralysed by an ogre mage for 5 turns
 28118 | D:13     | Identified a scroll of acquirement
 28119 | D:13     | Acquired the +0 crystal plate armour of Midwinter {-Cast
                  | rElec Dex+5}
 28381 | D:14     | Reached skill level 15 in Armour
 28989 | D:14     | Found a gate to the Vaults.
 29302 | D:15     | Entered Level 15 of the Dungeon
 29384 | D:15     | Reached skill level 5 in Evocations
 29445 | D:15     | Found a staircase to the Depths.
 30802 | Snake:1  | Entered Level 1 of the Snake Pit
 31181 | Snake:1  | Noticed a nagaraja
 31200 | Snake:1  | Killed a nagaraja
 32079 | Snake:2  | Identified the +3 flail of a Thousand Stories {distort,
                  | rCorr}
 32141 | Snake:2  | Reached XP level 16. HP: 146/154 MP: 24/24
 32381 | Snake:2  | Reached skill level 5 in Shields
 33164 | Snake:2  | Found Dobiebla's Book Emporium.
 33164 | Snake:2  | Found Foeriz's Jewellery Boutique.
 33166 | Snake:2  | Found Faolil's Book Emporium.
 33798 | Snake:3  | Reached skill level 10 in Shields
 35191 | Snake:4  | Entered Level 4 of the Snake Pit
 35843 | Snake:4  | Found a shimmering altar of Xom.
 35862 | Snake:4  | Reached XP level 17. HP: 116/162 MP: 26/26
 37311 | Snake:4  | Noticed Aizul
 37341 | Snake:4  | Killed Aizul
 38389 | Snake:4  | Got a serpentine rune of Zot
 38503 | Swamp:1  | Entered Level 1 of the Swamp
 38715 | Snake:2  | Bought a ring of flight for 280 gold pieces
 40433 | Swamp:2  | Corrupted Swamp:2
 40433 | Swamp:2  | Noticed a lich
 40436 | Swamp:2  | HP: 4/166 [thrashing horror[Lugonu's corruption] (6)]
 40436 | Swamp:2  | Mangled by a fenstrider witch

Illustrated notes

Levels and vault maps discovered:
D:1:      zaba_arrival_water, layout_loops_ring
D:2:      layout_rooms, basic_altar, uniq_terence, uniq_crazy_yiuf_cottage
D:3:      layout_basic, basic_ecumenical_altar
D:4:      layout_basic, nemelex_diamond_rough_becter, elyvilon_altar_1,
          minmay_temple_entry_crystal_x, cheibrodos_sewer_entry_sluice,
          uniq_pikel, uniq_eustachio
D:5:      layout_basic, serial_shops, nicolae_shop_stone, shop, shop,
          nicolae_shop_trees, uniq_menkaure
D:6:      layout_loops_ring, mainiacjoe_overflow_six_doors_small
D:7:      minmay_klotski, layout_layer_cave, trog_antimagical,
          nicolae_ru_path_of_blood, serial_rivers, chequers_serial_rivers_marsh,
          chequers_serial_rivers_micro_d, chequers_serial_rivers_micro_a,
          chequers_serial_rivers_micro_c, minivault_25, hex_tiny,
          minmay_shop_enchanted_jewellery
D:8:      layout_basic, enter_bailey_5, minmay_misc_feat_alley,
          minmay_door_square, uniq_maggie, uniq_gastronok
D:9:      layout_long_grid, minmay_lair_entry_grove, fungi_pond_lemuel,
          uniq_erica
D:10:     layout_grid_maze, grunt_dithmenos_shadows
D:11:     layout_rooms, orc_0_dummy, uniq_lodul
D:12:     layout_irregular_city, minivault_14, nicolae_water_bricks,
          lemuel_flamethrower_2
D:13:     layout_roguey, serial_curves, eino_curves_04, eino_curves_02,
          kennysheep_doodads
D:14:     layout_roguey, ximxim_vaults_locker_room, dreamdust_princess_corridor
D:15:     hangedman_depths_entry_try_elsewhere_first, layout_stronghold,
          lightli_wizard_tower
Temple:   lightli_temple_of_artemis
Lair:1:   layout_cave_pods, serial_bayou_shore_b
Lair:2:   layout_long_grid, nicolae_swamp_entry_splash_gauntlet,
          patterned_corridor, uniq_sonja
Lair:3:   layout_roguey, dummy_snake_entry
Lair:4:   layout_misc_corridors, slime_entry_2, serial_bayou_shore_a,
          lemuel_fruit_fields
Lair:5:   cheibrodos_lair_end_hotspot, layout_regular_city,
          infiniplex_staircase_pool, uniq_rupert, uniq_urug
Swamp:1:  layout_basic_swamp, evilmike_swamp_ruin_house_5, swamp_pool4,
          st_swamp_ruins_4
Swamp:2:  nicolae_swamp_husk_halls, layout_falls_marsh, nicolae_swamp_godswood,
          swamp_pool2, nicolae_island_escapes, uniq_mlioglotl
Snake:1:  layout_honeycomb, guppyfry_library_mini
Snake:2:  layout_cave_town, minmay_shop_grove
Snake:3:  layout_cave_town
Snake:4:  snake_pit_salamanders_mu, layout_rooms, basic_altar, uniq_aizul
Orc:1:    layout_caves, gammafunk_ghost_berserking_beasts,
          portal_ice_cave_entry_imps
Orc:2:    grunt_orc_gardens, layout_caves, grunt_orc_garden, grunt_orc_garden,
          grunt_orc_garden, grunt_orc_garden

Skill      XL: |  1  2  3  4  5  6  7  8  9 10 11 12 13 14 15 16 17 |
---------------+----------------------------------------------------+-----
Axes           | 3 5 6 7 10 11 12 13 15 18 | 18.0
Shields        | 4 12 14 | 14.4
Dodging        | 2 4 6 |  6.0
Fighting       | 4 6 8 9 10 13 15 16 17 18 | 18.3
Armour         | 4 6 7 8 10 12 14 16 17 | 17.4
Invocations    | 2 5 7 10 12 13 14 | 14.3
Throwing       | 1 2 |  2.8
Evocations     | 3 7 |  7.2

Action                     |  1- 3 |  4- 6 |  7- 9 | 10-12 | 13-15 | 16-18 || total
---------------------------+-------+-------+-------+-------+-------+-------++-------
  Melee: War axe           |    66 |    71 |   273 |   230 |       |       ||   640
         Headbutt          |     1 |    12 |    47 |    92 |   196 |   161 ||   509
         Broad axe         |       |       |       |   254 |   856 |   716 ||  1826
  Throw: Dart              |       |       |     7 |    27 |     7 |       ||    41
         Boomerang         |       |       |     2 |       |       |       ||     2
 Invoke: Heroism           |       |       |     1 |     3 |       |       ||     4
         Finesse           |       |       |       |     1 |       |       ||     1
         Banish            |       |       |       |     1 |     2 |     2 ||     5
         Depart the Abyss  |       |       |       |     1 |       |       ||     1
         Corrupt           |       |       |       |       |       |     1 ||     1
  Evoke: Wand              |       |       |       |     3 |     8 |       ||    11
         Condenser vane    |       |       |       |       |     1 |       ||     1
    Use: Scroll            |       |     5 |    10 |    13 |    11 |     3 ||    42
         Potion            |       |     1 |     1 |     5 |     4 |     3 ||    14
   Stab: Distracted        |       |       |     1 |       |       |       ||     1
         Paralysed         |       |       |       |       |     2 |       ||     2
 Armour: Scale mail        |    41 |    35 |    69 |       |       |       ||   145
         Plate armour      |       |       |       |   136 |   271 |   291 ||   698
         Chain mail        |       |       |       |     3 |       |       ||     3
         Crystal plate arm |       |       |       |       |   106 |       ||   106
  Dodge: Dodged            |    40 |    27 |   158 |   264 |   327 |   355 ||  1171
  Block: Buckler           |    30 |    20 |    47 |    96 |   143 |   120 ||   456
         Kite shield       |       |       |       |       |       |   149 ||   149
